 Dungeon Crawl Stone Soup version 0.31.0-11-ge490571c62 (webtiles) character file.

Game seed: 5829444885923338041

44 qw the Shooter (level 3, 0/20 HPs)
             Began as a Deep Elf Hunter on Feb 3, 2024.
             Slain by Grinder (1 damage)
             ... on level 3 of the Dungeon.
             The game lasted 00:00:05 (1547 turns).

qw the Shooter (Deep Elf Hunter)                    Turns: 1547, Time: 00:00:05

Health: 0/20       AC:  7    Str: 10    XL:     3   Next: 39%
Magic:  5/5        EV: 11    Int: 13    God:
Gold:   142        SH:  0    Dex: 18    Spells: 2/2 levels left

rFire   . . .        a - +0 shortbow
rCold   . . .        (shield currently unavailable)
rNeg    . . .        e - +0 ring mail
rPois   .            b - +1 helmet
rElec   .            (no cloak)
rCorr   .            (no gloves)
SInv    .            (no boots)
Will    .....        f - amulet of regeneration
Stlth   +            (no ring)
HPRegen 1.03/turn    (no ring)
MPRegen 0.09/turn

%: no passive effects
@: no status effects
A: no striking features
a: no special abilities


You were on level 3 of the Dungeon.
You visited 1 branch of the dungeon, and saw 3 of its levels.

You collected 142 gold pieces.


   Skills:
 - Level 1.5 Fighting
 + Level 7.0 Ranged Weapons
 - Level 2.4 Dodging
 - Level 1.2 Stealth


You had 2 spell levels left.
You didn't know any spells.
Your spell library was empty.

Inventory:

Hand Weapons
 a - a +0 shortbow (weapon)
Armour
 b - a +1 helmet (worn)
 e - a +0 ring mail (worn)
Jewellery
 f - an amulet of regeneration (around neck)
Potions
 g - 2 potions of might {unknown}
 h - a potion of curing

Dungeon Overview and Level Annotations

Branches:
Dungeon (3/15)

Altars:

Annotations:
D:3 Grinder


Message History

Grinder blinks!
Your Ranged Weapons skill increases to level 7!
Grinder is nearby!
You shoot an arrow. The arrow hits Grinder!
Grinder is lightly wounded.
You shoot an arrow. The arrow closely misses Grinder.
You shoot an arrow. The arrow barely misses Grinder.
You shoot an arrow. The arrow hits Grinder.
Grinder is lightly wounded.
You shoot an arrow. The arrow hits Grinder.
Grinder is moderately wounded.
Grinder closely misses you.
You shoot an arrow. The arrow hits Grinder!
Grinder is heavily wounded.
Grinder hits you.
You shoot an arrow. The arrow hits Grinder.
Grinder is heavily wounded.
Grinder hits you.
You shoot an arrow. The arrow completely misses Grinder.
Grinder hits you.
You shoot an arrow. The arrow hits Grinder!
Grinder is severely wounded.
Grinder hits you but does no damage.
You shoot an arrow. The arrow hits Grinder.
Grinder is almost dead.
Grinder says, "I used to sell toenails on the black market."
Grinder completely misses you.
You shoot an arrow. The arrow closely misses Grinder.
Grinder barely misses you. Grinder hits you!
You writhe in agony.
You shoot an arrow. The arrow closely misses Grinder.
Grinder gestures at you. Pain shoots through your body!
You shoot an arrow. The arrow hits Grinder.
Grinder is almost dead.
Grinder barely misses you.
You shoot an arrow. The arrow closely misses Grinder.
Grinder says, "Are you a fish?" Grinder hits you.
You writhe in agony.
You die...
Grinder says, "Hey, I wasn't done torturing you yet!"

.. .. .. ## ..## . #.
..# .# #. #.####.# #.
#.>... # #.###..#.# ...
### #.....5#.#(...# ..#
##.##..@)......
..#########.###........#
.........##.#####.###.##
..######.##.).....# ..#
####.###%###### ###
#.........# #.##.#.#.##
# #.#.#.# ....#.#


You could see Grinder.

Vanquished Creatures
  A ribbon worm (D:3)
  3 ball pythons (D:2)
  4 bats
  2 endoplasms
  3 giant cockroaches
  5 goblins
  3 hobgoblins (D:2)
  4 jackals
  8 kobolds
  5 rats
38 creatures vanquished.

Notes
Turn   | Place    | Note
-------+----------+-------------------------------------------
     0 | D:1      | qw the Deep Elf Hunter began the quest for the Orb.
     0 | D:1      | Reached XP level 1. HP: 12/12 MP: 3/3
     0 | D:1      | 0 ||| qw: Version: 0.3-a-155-g5e7d8dd
     0 | D:1      | 0 ||| qw: Game counter: 3551
     0 | D:1      | 0 ||| qw: Melee chars always use a shield: true
     0 | D:1      | 0 ||| qw: God list: Okawaru
     0 | D:1      | 0 ||| qw: Allow faded altars: false
     0 | D:1      | 0 ||| qw: Do Orc after clearing Dungeon:15 true
     0 | D:1      | 0 ||| qw: Do second Lair branch before Depths: true
     0 | D:1      | 0 ||| qw: Lair rune preference: random
     0 | D:1      | 0 ||| qw: Goals: Normal
     0 | D:1      | 0 ||| PLANNING D:1-11
    50 | D:1      | Reached XP level 2. HP: 16/16 MP: 4/4
    57 | D:1      | Reached skill level 6 in Ranged Weapons
   706 | D:1      | 706 ||| UPGRADING to +0 ring mail.
   716 | D:1      | 716 ||| DROPPING +0 leather armour.
   717 | D:1      | 717 ||| DROPPING scarf of shadows.
   718 | D:1      | 718 ||| UPGRADING to amulet of regeneration.
   723 | D:1      | 723 ||| READING scroll labelled LUEN GOMAIMI.
   723 | D:1      | 723 ||| IDENTIFYING clear potion
   724 | D:1      | 724 ||| DROPPING scroll of butterflies.
   725 | D:1      | 725 ||| DROPPING potion of degeneration.
  1038 | D:2      | Reached XP level 3. HP: 20/20 MP: 5/5
  1409 | D:2      | 1409 ||| UPGRADING to +0 helmet.
  1414 | D:2      | 1414 ||| DROPPING ring of wizardry.
  1415 | D:2      | 1415 ||| READING scroll labelled MIOJO RADINGU.
  1416 | D:2      | 1416 ||| READING scroll labelled NASUTA CODDYUB.
  1416 | D:2      | 1416 ||| ENCHANTING +0 helmet.
  1417 | D:2      | 1417 ||| READING scroll labelled PEMOPO OVVE.
  1420 | D:2      | 1420 ||| DRINKING 2 fizzy brown potions.
  1529 | D:3      | Noticed Grinder
  1533 | D:3      | Reached skill level 7 in Ranged Weapons
  1545 | D:3      | HP: 4/20 [Grinder/nerve-wracking pain (3)]
  1547 | D:3      | HP: 1/20 [Grinder (5)]
  1547 | D:3      | Slain by Grinder

Levels and vault maps discovered:
D:1:      minmay_arrival_radiant_lines, layout_basic
D:2:      minmay_diamond_boxcup, layout_loops_ring, nicolae_elevator_lobby_plus
D:3:      layout_loops_cross, st_stairs_6, uniq_grinder

Skill      XL: |  1  2  3 |
---------------+----------+-----
Ranged Weapons | 6 7 |  7.0
Fighting       | |  1.5
Dodging        | |  2.4
Stealth        | |  1.2

Action                     || total
---------------------------++-------
   Fire: Shortbow          ||   111
    Use: Scroll            ||     4
         Potion            ||     1
 Armour: Leather armour    ||    15
         Ring mail         ||    15
  Dodge: Dodged            ||    38

Table legend:
 A = Non-vault XP
 B = Vault XP
 C = Vault XP percentage of total XP
 D = Non-vault monster count
 E = Vault monster count
 F = Vault count percentage of total count
                 A         B        C        D         E       F
            +---------+---------+-------+---------+---------+-------
      Total |      54 |       9 |  14.3 |      33 |       5 |  13.2
            +---------+---------+-------+---------+---------+-------
        D:1 |      27 |       0 |   0.0 |      17 |       0 |   0.0
        D:2 |      19 |       9 |  32.1 |      12 |       5 |  29.4
        D:3 |       8 |       0 |   0.0 |       4 |       0 |   0.0
            +---------+---------+-------+---------+---------+-------
